 Dungeon Crawl Stone Soup version 0.28-a0-245-g639a1a48b9 (webtiles) character file.

Game seed: 11436393858226961459

50182 dolemite99 the Fighter (level 14, -11/154 HPs)
             Began as an Ogre Chaos Knight on Aug 25, 2021.
             Was a Plaything of Xom.
             Mangled by an orc knight (38 damage)
             ... on level 12 of the Dungeon.
             The game lasted 00:50:48 (34460 turns).

dolemite99 the Fighter (Ogre Chaos Knight)         Turns: 34460, Time: 00:50:48

Health: -11/154    AC: 21    Str: 23    XL:     14   Next: 54%
Magic:  14/14      EV: 12    Int:  9    God:    Xom [..*...]
Gold:   1007       SH:  7    Dex:  6    Spells: 13/13 levels left

rFire   . . .      SeeInvis .   w - +2 broad axe (freeze)
rCold   . . .      Faith    .   I - +0 kite shield
rNeg    . . .      Spirit   .   U - +1 acid dragon scales
rPois   +          Reflect  .   A - +0 hat
rElec   .          Harm     .   o - +1 cloak
rCorr   +          Rampage  .   (gloves unavailable)
Will    ++...      Clarity  +   (boots unavailable)
Stlth   +.........              B - amulet of the acrobat
HPRegen 0.35/turn               j - +4 ring of evasion
MPRegen 0.14/turn               y - +4 ring of protection {=R}

@: no status effects
A: large, unfitting armour, tough skin 1, claws 1, fangs 1, hooves 1, horns 1,
iridescent scales 2, clarity, clumsy 1, dopey 2, strong-willed 1, mutation
resistance 2, poison resistance, shaggy fur 1, MP-powered wands
a: Renounce Religion


You were on level 12 of the Dungeon.
You worshipped Xom.
You were a toy of Xom.
You visited 3 branches of the dungeon, and saw 19 of its levels.

You collected 1405 gold pieces.
You spent 398 gold pieces at shops.

Inventory:

Hand Weapons
 a - a +3 war axe
 b - a +4 vorpal hunting sling
 d - a +2 flail of protection
 l - a +1 fustibalus of flaming
 w - a +2 broad axe of freezing (weapon)
 H - a +2 broad axe
 W - a +0 broad axe
Missiles
 e - 451 stones (quivered)
 h - 3 curare-tipped darts
 q - 2 atropa-tipped darts
 M - 74 poisoned darts
 T - 36 sling bullets
 V - 3 javelins
Armour
 o - a +1 cloak (worn)
 A - a +0 hat (worn)
 I - a +0 kite shield (worn)
 U - +1 acid dragon scales (worn)
Magical Staves
 Z - a staff of fire
Jewellery
 c - a +6 ring of dexterity
 g - a ring of magical power
 j - a +4 ring of evasion (left claw)
 k - a ring of protection from cold
 t - a ring of positive energy
 y - a +4 ring of protection (right claw) {=R}
 B - an amulet of the acrobat (around neck)
 C - a ring of positive energy
 D - a ring of poison resistance
 F - a +6 ring of strength
 G - a ring of fire
 R - a +6 ring of intelligence
 S - a ring of magical power
Wands
 f - a wand of charming (9)
 u - a wand of polymorph (35)
 K - a wand of paralysis (15)
 X - a wand of digging (1)
Scrolls
 n - 5 scrolls of teleportation
 s - 2 scrolls of magic mapping
 E - a scroll of holy word
 P - 3 scrolls of amnesia
 Y - 3 scrolls of fog
Potions
 i - a potion of resistance
 p - 3 potions of mutation
 v - 4 potions of attraction
 x - 3 potions of curing
 z - 5 potions of flight
 J - 2 potions of cancellation
 L - a potion of brilliance
 N - 3 potions of lignification
 O - 3 potions of might {unknown}
 Q - 2 potions of berserk rage {unknown}
Miscellaneous
 m - a phantom mirror (inert)
 r - a tin of tremorstones (inert)


   Skills:
 - Level 13.6 Fighting
 - Level 12.2 Axes
 - Level 1.6(5.8) Slings
 - Level 11.3(11.4) Throwing
 - Level 7.9 Armour
 - Level 6.5 Dodging
 + Level 4.4 Shields
 - Level 8.1 Evocations


You had 13 spell levels left.
You didn't know any spells.
Your spell library contained the following spells:

 Spells                   Type           Power      Damage    Failure   Level
 Animate Skeleton         Necr           0%         N/A       78%         1
 Foxfire                  Conj/Fire      0%         2x1d4     78%         1
 Pain                     Necr           0%         1d4       78%         1
 Shock                    Conj/Air       0%         1d3       78%         1
 Blink                    Tloc           N/A        N/A       89%         2
 Call Imp                 Summ           0%         N/A       89%         2
 Corpse Rot               Necr/Air       N/A        N/A       89%         2
 Passwall                 Tmut/Erth      0%         N/A       89%         2
 Slow                     Hex            0%         N/A       89%         2
 Static Discharge         Conj/Air       0%         N/A       89%         2
 Confusing Touch          Hex            0%         N/A       98%         3
 Conjure Flame            Conj/Fire      0%         6-21      98%         3
 Inner Flame              Hex/Fire       0%         N/A       98%         3
 Ozocubu's Armour         Ice            0%         N/A       98%         3
 Spider Form              Tmut/Pois      0%         N/A       98%         3
 Stone Arrow              Conj/Erth      0%         3d7       98%         3
 Swiftness                Air            0%         N/A       98%         3
 Vampiric Draining        Necr           0%         2d6       98%         3
 Airstrike                Air            0%         N/A       100%        4
 Animate Armour           Summ/Erth      0%         N/A       100%        4
 Dispel Undead            Necr           0%         3d6       100%        4
 Olgreb's Toxic Radiance  Pois           0%         N/A       100%        4
 Alistair's Intoxication  Tmut/Pois      0%         N/A       100%        5
 Bolt of Magma            Conj/Fire/Erth 0%         4d4       100%        5
 Lightning Bolt           Conj/Air       0%         1d11      100%        5
 Manifold Assault         Tloc           0%         N/A       100%        5
 Metabolic Englaciation   Hex/Ice        0%         N/A       100%        5
 Summon Forest            Summ/Tloc      0%         N/A       100%        5
 Yara's Violent Unravell  Hex/Tmut       0%         3d3       100%        5
 Death Channel            Necr           0%         N/A       100%        6
 Invisibility             Hex            0%         N/A       100%        6
 Simulacrum               Ice/Necr       0%         N/A       100%        6
 Ozocubu's Refrigeration  Ice            0%         4d5       100%        7
 Storm Form               Tmut/Air       0%         N/A       100%        7
 Ignition                 Fire           0%         3d3       100%        8
 Lehudib's Crystal Spear  Conj/Erth      0%         10d2      100%        8
 Maxwell's Capacitive Co  Air            0%         ∞         100%        8
 Shatter                  Erth           0%         3d5*      100%        9


Dungeon Overview and Level Annotations

Branches:
Dungeon (12/15)            Temple (0/1) D:7            Lair (6/6) D:8
 Shoals (0/4) Lair:2        Snake (0/4) Lair:4        Slime (0/5) Lair:6
    Orc (1/2) D:12

Altars:
Ashenzari
Dithmenos
Elyvilon
Fedhas
Hepliaklqana
Makhleb
Okawaru
Trog
Uskayaw
Wu Jian
Xom
Zin
The Shining One
Beogh
Jiyva

Shops:
D:5 *   D:8 :   D:10 *

Annotations:
D:8 3 runed translucent doors, exclusion: oklob plant, frimble's ghost, novice MiWr
D:9 exclusion: downstairs
D:10 Gastronok
D:11 3 runed translucent doors, robertstho's ghost, journeyman DjFE
Lair:2 3 runed translucent doors, Ruiv's ghost, journeyman GrDe
Lair:4 1 runed translucent door, atabob's ghost, journeyman GnSu
Lair:5 3 runed translucent doors, Dowoeg's ghost, journeyman DjWn


Innate Abilities, Weirdness & Mutations

You are too large for most types of armour.
You have tough skin. (AC +1)
You have sharp fingernails.
You have very sharp teeth.
You have large cloven feet.
You have a pair of small horns on your head.
You are mostly covered in iridescent scales. (AC +4)
You possess an exceptional clarity of mind.
You are clumsy. (Dex -2)
You are very dopey. (Int -4)
You are strong-willed. (Will+)
You are somewhat resistant to both further mutation and mutation removal.
Your system is resistant to poisons. (rPois)
You are covered in fur. (AC +1)
You expend magic power (3 MP) to strengthen your wands.


Message History

You kill the orc!
You slash the orc warrior! You freeze the orc warrior.
You kill the orc warrior!
The orc knight hits you with a +0 great mace.
You slash the orc knight! You freeze the orc knight.
Your bite misses the orc knight.
The orc knight is moderately wounded.
You barely miss the orc priest. You block the orc priest's attack.
The orc knight hits you with a +0 great mace!!
* * * LOW HITPOINT WARNING * * *
You completely miss the orc knight.
You bite the orc knight, but do no damage.
The orc knight is moderately wounded.
You barely miss the orc priest.
The orc priest looks encouraged for a moment.
The orc knight completely misses you.
You feel better. The orc priest barely misses you. The orc knight misses you.
You hit the orc knight but do no damage.
You kick the orc knight, but do no damage.
Your headbutt misses the orc knight.
You bite the orc knight, but do no damage.
The orc knight is moderately wounded.
You slash the orc priest! You freeze the orc priest.
The orc priest hits you with a +0 short sword.
* * * LOW HITPOINT WARNING * * *
The orc knight hits you but does no damage.
The orc priest hits you with a +0 short sword.
* * * LOW HITPOINT WARNING * * *
You feel better.
The orc knight hits you with a +0 great mace!!
* * * LOW HITPOINT WARNING * * *
The orc priest calls upon Beogh to heal the orc knight.
The orc knight is healed somewhat.
You barely miss the orc priest.
You kick the orc priest, but do no damage.
The orc priest is severely wounded.
You slash the orc knight! You freeze the orc knight.
The orc knight hits you with a +0 great mace!!!
You die...
Xom roars with laughter!

.......)..#
#.##########.#
.....†....#
#.............
..........#
############..
..........# #..
############# #..
###8###8###8####### #..
.#...#...#...#.≈≈≈# #..
^............#.o≈≈#
####..
.............+.o@§#
#<.._.
.............#.)§≈#
#####_
.#...#...#...#.≈≈≈#######
#.
###8###8###8#######.....#
#. # ### ###
#########.....# #.
#....[..).....# #_
#.............# #.
#.............# #.
#.............# #^


You could see an orc knight (strong) and an orc priest (strong).

Vanquished Creatures
  Snorg (D:12)
  3 boulder beetles
  4 hydras
  A vault guard (D:10)
  Erica (D:8)
  3 two-headed ogres
  6 death yaks
  Sonja (D:12)
  A goliath frog (Lair:6)
  2 cyclopes (D:12)
  3 black mambas
  19 cane toads
  A gargoyle (D:12)
  2 unseen horrors
  An efreet (D:11)
  5 komodo dragons
  3 rime drakes
  5 polar bears
  4 tyrant leeches (Lair:6)
  2 trolls
  13 blink frogs
  A hornet (Lair:2)
  3 slime creatures (D:12)
  A vampire (D:10)
  A wraith (D:12)
  54 yaks
  8 wyverns
  2 shadows
  8 basilisks
  A golden eye (Lair:4)
  5 vampire mosquitoes (Lair:6)
  Grum (D:10)
  7 nagas (Lair:4)
  2 steam dragons
  15 water moccasins
  An acid dragon (D:9)
  11 orc warriors
  An ice beast (D:8)
  3 black bears
  A necrophage (D:6)
  2 ogres
  6 centaurs
  4 wolves (D:10)
  A kobold brigand (D:10)
  A gnoll sergeant (D:12)
  16 bullfrogs
  12 wights
  9 killer bees (D:11)
  A howler monkey (D:7)
  4 centaur zombies
  2 jellies
  3 centaur skeletons
  10 orc priests
  A bullfrog skeleton (D:6)
  A hound (D:6)
  Crazy Yiuf (D:2)
  9 orc wizards
  4 hell rats (Lair:5)
  A howler monkey skeleton (D:4)
  2 howler monkey zombies
  10 adders
  8 gnolls
  A shadow imp (D:6)
  2 white imps
  An ufetubus (D:3)
  An adder skeleton (D:5)
  8 dart slugs
  53 orcs
  An endoplasm (D:3)
  5 giant cockroaches
  15 goblins
  8 hobgoblins
  10 jackals
  11 kobolds
  4 quokkas
  3 ball pythons
  7 bats
  2 frilled lizards
  4 rats
451 creatures vanquished.

Vanquished Creatures (collateral kills)
  2 death yaks (Lair:6)
  A komodo dragon (D:11)
  A blink frog (Lair:3)
  2 water moccasins (Lair:6)
6 creatures vanquished.

Vanquished Creatures (others)
  A wizard (D:4)
  A goblin (D:2)
  2 jackals (D:2)
  61 fungi
  142 plants
207 creatures vanquished.

Grand Total: 664 creatures vanquished

Notes
Turn   | Place    | Note
-------+----------+-------------------------------------------
     0 | D:1      | dolemite99 the Ogre Chaos Knight began the quest for the
                  | Orb.
     0 | D:1      | Reached XP level 1. HP: 24/24 MP: 1/1
    32 | D:1      | XOM: silly message
   177 | D:1      | Reached XP level 2. HP: 29/33 MP: 2/2
   498 | D:1      | XOM: noise
   675 | D:1      | Found a faded altar of an unknown god.
   861 | D:2      | Reached XP level 3. HP: 41/41 MP: 3/3
   883 | D:2      | XOM: destruction
   885 | D:2      | Reached skill level 5 in Fighting
  1316 | D:2      | Found a runed translucent door.
  1317 | D:2      | Noticed Crazy Yiuf
  1432 | D:2      | Killed Crazy Yiuf
  1433 | D:2      | Reached XP level 4. HP: 36/50 MP: 4/4
  2227 | D:3      | Reached XP level 5. HP: 48/59 MP: 5/5
  2421 | D:3      | Reached skill level 6 in Fighting
  2452 | D:3      | Found an iron altar of Okawaru.
  3222 | D:3      | XOM is BORED!
  3649 | D:4      | XOM: give mutation
  3649 | D:4      | Gained mutation: Your body sometimes deteriorates upon
                  | taking damage. [Xom's mischief]
  3843 | D:4      | XOM: 1-stop teleportation journey
  3888 | D:4      | Found a bloodstained altar of Trog.
  3902 | D:4      | Reached skill level 5 in Axes
  3991 | D:4      | Reached XP level 6. HP: 68/68 MP: 6/6
  4141 | D:4      | Noticed a wizard
  4147 | D:4      | Killed a wizard
  4260 | D:5      | Entered Level 5 of the Dungeon
  4285 | D:5      | XOM: cast spell 'Olgreb's Toxic Radiance'
  4407 | D:5      | XOM: cloud trail
  4422 | D:5      | Reached skill level 1 in Slings
  4714 | D:5      | Found Kiynk's Serpentskin Sales.
  4723 | D:5      | Bought 6 curare-tipped darts for 50 gold pieces
  4723 | D:5      | Bought 6 curare-tipped darts for 50 gold pieces
  4723 | D:5      | Bought 7 curare-tipped darts for 58 gold pieces
  4794 | D:5      | XOM: summons friendly crimson imp
  4801 | D:5      | Reached skill level 1 in Throwing
  5209 | D:5      | Reached XP level 7. HP: 76/76 MP: 7/7
  5289 | D:5      | XOM: give mutations
  5289 | D:5      | Gained mutation: You have a somewhat thin skeletal
                  | structure. (Dex +2, Stealth+) [Xom's mischief]
  5289 | D:5      | Gained mutation: Armour fits poorly on your strangely
                  | shaped body. [Xom's mischief]
  5289 | D:5      | Gained mutation: You are dopey. (Int -2) [Xom's mischief]
  5792 | D:6      | XOM: blink monster(s)
  5800 | D:6      | XOM: swap monsters
  5859 | D:6      | Reached skill level 5 in Throwing
  5974 | D:6      | XOM: cloud trail
  6109 | D:7      | Reached XP level 8. HP: 72/84 MP: 8/8
  6331 | D:7      | Found a burning altar of Makhleb.
  6435 | D:7      | Noticed a wyvern
  6443 | D:7      | Killed a wyvern
  6836 | D:7      | Found a staircase to the Ecumenical Temple.
  7000 | D:7      | XOM: destruction
  7338 | D:7      | XOM: give mutations
  7338 | D:7      | Gained mutation: You have sharp fingernails. [Xom's grace]
  7338 | D:7      | Gained mutation: Your spells are a little harder to cast,
                  | but a little more powerful. [Xom's grace]
  7338 | D:7      | Gained mutation: You have a pair of small horns on your
                  | head. [Xom's grace]
  7338 | D:7      | Gained mutation: You have large cloven feet. [Xom's grace]
  7506 | D:7      | XOM: scenery: summon butterflies
  7522 | D:7      | XOM: divination: detect items
  7522 | D:7      | XOM: smoke on damage
  7563 | D:7      | Reached XP level 9. HP: 40/92 MP: 9/9
  8268 | D:8      | Reached skill level 10 in Throwing
  8325 | D:8      | XOM: potion effect (might)
  8358 | D:8      | Reached skill level 7 in Fighting
  8657 | D:8      | Noticed Erica
  8666 | D:8      | Killed Erica
  8667 | D:8      | Reached skill level 9 in Fighting
  8667 | D:8      | Reached XP level 10. HP: 107/107 MP: 10/10
  8721 | D:8      | XOM: potion effect (might)
  8816 | D:8      | XOM: potion effect (brilliance)
  8823 | D:8      | XOM: destruction
  8912 | D:7      | XOM: give mutation
  8912 | D:7      | Gained mutation: Your spells are harder to cast, but more
                  | powerful. [Xom's grace]
  9516 | D:8      | Found a blossoming altar of Fedhas.
  9516 | D:8      | Found a shadowy altar of Dithmenos.
  9516 | D:8      | XOM: 6-stop teleportation journey
  9686 | D:8      | Found a staircase to the Lair.
  9709 | D:8      | XOM: enchant monster (bad)
  9750 | D:8      | Reached skill level 10 in Fighting
 10230 | D:8      | XOM: summons friendly iron imp
 10241 | D:8      | XOM: polymorph yak -> ice beast
 10249 | D:8      | XOM: swap monsters
 10481 | D:8      | XOM is BORED!
 10514 | D:8      | XOM: give mutation
 10514 | D:8      | Lost mutation: Armour fits poorly on your strangely shaped
                  | body. [Xom's mischief]
 10639 | D:8      | Found Zacwuir's Book Boutique.
 10649 | D:8      | Bought a book of Flames for 240 gold pieces
 10743 | D:8      | Noticed an oklob plant
 10824 | D:8      | Found a runed translucent gate.
 10825 | D:8      | Found a runed translucent gate.
 10826 | D:8      | Found a runed translucent gate.
 10827 | D:8      | Identified the +8 plate armour of Abstinence {rElec}
 10828 | D:8      | Noticed frimble's ghost (novice MiWr)
 11204 | D:9      | XOM: summons 2 friendly demons
 11209 | D:9      | Reached skill level 11 in Fighting
 11556 | D:9      | XOM: give mutations
 11556 | D:9      | Gained mutation: You are robust. (+10% HP) [Xom's grace]
 11556 | D:9      | Gained mutation: You expend magic power (3 MP) to
                  | strengthen your wands. [Xom's grace]
 11627 | D:9      | XOM: god gift: scorched ring mail {god gift}
 11627 | D:9      | Identified the +0 ring mail "Qedghame" {rCorr} (Xom gifted
                  | it to you on level 9 of the Dungeon)
 11658 | D:9      | XOM: silly message
 11677 | D:9      | XOM: god gift: scratched sapphire ring {god gift}
 12370 | D:10     | Entered Level 10 of the Dungeon
 12829 | D:9      | Reached XP level 11. HP: 67/135 MP: 11/11
 12874 | D:9      | XOM: summons 2 hostile demons
 12919 | D:9      | XOM: give mutation
 12919 | D:9      | Lost mutation: You expend magic power (3 MP) to strengthen
                  | your wands. [Xom's mischief]
 12975 | D:9      | XOM: give mutations
 12975 | D:9      | Lost mutation: Your spells are harder to cast, but more
                  | powerful. [Xom's mischief]
 12975 | D:9      | Lost mutation: You are dopey. (Int -2) [Xom's mischief]
 12975 | D:9      | Lost mutation: You are robust. (+10% HP) [Xom's mischief]
 13009 | D:9      | XOM: god gift: scroll of teleportation
 13044 | D:9      | XOM: cloud trail
 13147 | D:10     | XOM: god gift: scroll labelled QETETH UJAEWK {god gift}
 13162 | D:10     | XOM: summons 5 hostile demons
 13186 | D:10     | Found a hide-covered altar of Uskayaw.
 13190 | D:10     | Found a glowing golden altar of the Shining One.
 13201 | D:10     | Reached skill level 12 in Fighting
 13201 | D:10     | Found a white marble altar of Elyvilon.
 13201 | D:10     | Found a glowing silver altar of Zin.
 13235 | D:10     | Found an ornate altar of the Wu Jian Council.
 13235 | D:10     | Found a hazy altar of Hepliaklqana.
 13236 | D:10     | Found a broken altar of Ashenzari.
 13443 | D:10     | Noticed Gastronok
 13443 | D:10     | Noticed Gastronok
 13443 | D:10     | Gastronok changed into Gastronok the caustic shrike
 13443 | D:10     | XOM: polymorph Gastronok -> Gastronok the caustic shrike
 13552 | D:10     | Noticed a two-headed ogre
 13556 | D:10     | Killed a two-headed ogre
 14007 | D:10     | Found Gimn's Overcharged Wands.
 14128 | D:10     | Noticed Grum
 14136 | D:10     | Killed Grum
 14683 | D:11     | XOM: divination: detect creatures
 15057 | D:11     | Noticed a two-headed ogre
 15075 | D:11     | XOM: noise
 15088 | D:11     | Killed a two-headed ogre
 15089 | D:11     | Reached skill level 13 in Fighting
 15660 | D:11     | XOM: god gift: 2 potions of heal wounds
 15759 | D:11     | Found a runed translucent gate.
 15759 | D:11     | Found a runed translucent gate.
 15759 | D:11     | Found a runed translucent gate.
 15759 | D:11     | Noticed a manticore
 15759 | D:11     | Noticed a minotaur
 15759 | D:11     | XOM: 4-stop teleportation journey
 15764 | D:11     | Noticed a two-headed ogre
 15783 | D:11     | Killed a two-headed ogre
 15823 | D:11     | Noticed a boulder beetle
 15827 | D:11     | Noticed robertstho's ghost (journeyman DjFE)
 15876 | D:11     | XOM: enchant monster (bad)
 15884 | D:11     | XOM: enchant monster (bad)
 15915 | D:11     | XOM: give mutations
 15915 | D:11     | Gained mutation: Armour fits poorly on your strangely
                  | shaped body. [Xom's mischief]
 15915 | D:11     | Gained mutation: You are dopey. (Int -2) [Xom's mischief]
 15992 | D:11     | XOM: silly message
 16004 | D:11     | XOM: confusion (+ monsters)
 16017 | D:11     | XOM: confusion (+ monsters)
 16215 | D:11     | XOM: stat loss: -1 Dex (9/10)
 16446 | D:11     | XOM is BORED!
 16446 | D:11     | XOM: give mutations
 16446 | D:11     | Gained mutation: You are clumsy. (Dex -2) [Xom's mischief]
 16446 | D:11     | Lost mutation: Your body sometimes deteriorates upon taking
                  | damage. [Xom's mischief]
 16502 | D:11     | XOM: summons 3 hostile shadow creatures
 16503 | D:11     | Noticed a boulder beetle
 16536 | D:11     | XOM: enchant monster (good)
 16702 | D:12     | XOM: noise
 16994 | D:11     | Reached skill level 1 in Armour
 17052 | D:11     | XOM: give mutations
 17052 | D:11     | Gained mutation: You are frail. (-10% HP) [Xom's mischief]
 17052 | D:11     | Lost mutation: You are clumsy. (Dex -2) [Xom's mischief]
 17052 | D:11     | Gained mutation: You expend magic power (3 MP) to
                  | strengthen your wands. [Xom's mischief]
 17052 | D:11     | Lost mutation: You are frail. (-10% HP) [Xom's mischief]
 17342 | D:11     | XOM: summons 6 hostile demons
 17527 | D:11     | Noticed a four-headed hydra
 17527 | D:11     | XOM: summons 4 hostile shadow creatures
 17880 | D:10     | XOM is BORED!
 17880 | D:10     | XOM: summons 1 hostile shadow creature
 17986 | D:10     | XOM: noise
 18033 | D:10     | Noticed a vault guard
 18037 | D:10     | XOM: enchant monster (bad)
 18070 | D:10     | Killed a vault guard
 18329 | D:10     | XOM: draining
 18441 | Lair:1   | Entered Level 1 of the Lair of Beasts
 18499 | Lair:1   | XOM: 2-stop teleportation journey
 18543 | Lair:1   | Reached XP level 12. HP: 125/127 MP: 12/12
 18595 | Lair:1   | XOM: 9-stop teleportation journey
 18683 | Lair:1   | Reached skill level 5 in Armour
 18826 | Lair:1   | XOM: silly message
 18916 | Lair:1   | XOM: divination: magic mapping
 18928 | Lair:1   | XOM: blink monster(s)
 18944 | Lair:1   | XOM: noise
 19132 | Lair:1   | XOM: 2-stop teleportation journey
 19339 | Lair:1   | XOM: 6-stop teleportation journey
 19386 | Lair:1   | XOM: give mutations
 19386 | Lair:1   | Gained mutation: You are covered in fur. (AC +1) [Xom's
                  | mischief]
 19386 | Lair:1   | Lost mutation: You have a somewhat thin skeletal structure.
                  | (Dex +2, Stealth+) [Xom's mischief]
 19650 | Lair:1   | XOM is BORED!
 19650 | Lair:1   | XOM: give mutations
 19650 | Lair:1   | Gained mutation: You are clumsy. (Dex -2) [Xom's mischief]
 19650 | Lair:1   | Lost mutation: You have large cloven feet. [Xom's mischief]
 20162 | Lair:2   | XOM: destruction
 20248 | Lair:2   | XOM: cleaving
 20293 | Lair:2   | XOM: polymorph komodo dragon -> hornet
 20411 | Lair:2   | XOM: scenery: summon butterflies
 20551 | Lair:2   | XOM: 1-stop teleportation journey
 20557 | Lair:2   | XOM: enchant monster (good)
 20794 | Lair:2   | Noticed Ruiv's ghost (journeyman GrDe)
 20799 | Lair:2   | Noticed an ice dragon
 20843 | Lair:2   | XOM: cast spell 'Summon Small Mammal'
 21141 | Lair:2   | XOM: silly message
 21217 | Lair:2   | XOM: cloud trail
 21221 | Lair:2   | XOM: silly message
 21297 | Lair:2   | Found a runed translucent gate.
 21297 | Lair:2   | Found a runed translucent gate.
 21299 | Lair:2   | Found a runed translucent gate.
 21360 | Lair:2   | Found a staircase to the Shoals.
 21478 | Lair:2   | XOM: potion effect (haste)
 21480 | Lair:2   | Noticed a death yak
 21500 | Lair:2   | Killed a death yak
 21508 | Lair:2   | Noticed a death yak
 21508 | Lair:2   | Noticed a death yak
 21607 | Lair:2   | XOM: potion effect (haste)
 21610 | Lair:2   | XOM: divination: detect creatures
 21624 | Lair:2   | XOM: noise
 21631 | Lair:2   | XOM: cloud trail
 21649 | Lair:2   | XOM: enchant monster (bad)
 21660 | Lair:2   | Killed a death yak
 21660 | Lair:2   | Killed a death yak
 21661 | Lair:2   | Reached skill level 5 in Dodging
 21758 | Lair:2   | XOM: 3-stop teleportation journey
 21759 | Lair:2   | XOM: noise
 21972 | Lair:2   | XOM: torment (70/137 hp)
 22021 | Lair:2   | XOM: give mutation
 22021 | Lair:2   | Gained mutation: You are very dopey. (Int -4) [Xom's
                  | mischief]
 22080 | Lair:2   | XOM: 11-stop teleportation journey
 22180 | Lair:3   | XOM: 6-stop teleportation journey
 22184 | Lair:3   | XOM: noise
 22196 | Lair:3   | XOM: enchant monster (good)
 22285 | Lair:3   | XOM: give mutations
 22285 | Lair:3   | Gained mutation: You have large cloven feet. [Xom's grace]
 22285 | Lair:3   | Gained mutation: You are somewhat resistant to further
                  | mutation. [Xom's grace]
 22322 | Lair:3   | Reached XP level 13. HP: 102/145 MP: 13/13
 22725 | Lair:3   | XOM: potion effect (invisibility)
 22729 | Lair:3   | XOM: destruction
 22748 | Lair:3   | Reached skill level 1 in Evocations
 22825 | Lair:3   | XOM: cloud trail
 22990 | Lair:3   | Identified the +9 scimitar "Zemilli" {vorpal, rPois rN+
                  | SInv}
 23020 | Lair:3   | XOM: confuse monster(s)
 23102 | Lair:3   | XOM: summons 6 friendly demons
 23528 | Lair:3   | XOM: give mutations
 23528 | Lair:3   | Gained mutation: You possess an exceptional clarity of
                  | mind. [Xom's grace]
 23528 | Lair:3   | Gained mutation: You have a pair of horns on your head.
                  | [Xom's grace]
 23550 | Lair:3   | XOM: divination: detect creatures
 23697 | Lair:3   | XOM: smoke on damage
 23834 | Lair:3   | XOM: noise
 24270 | Lair:4   | XOM: noise
 24423 | Lair:4   | XOM: give mutation
 24423 | Lair:4   | Lost mutation: Armour fits poorly on your strangely shaped
                  | body. [Xom's mischief]
 24813 | Lair:4   | XOM: give mutations
 24813 | Lair:4   | Lost mutation: Your spells are a little harder to cast, but
                  | a little more powerful. [Xom's mischief]
 24813 | Lair:4   | Lost mutation: You have a pair of horns on your head.
                  | [Xom's mischief]
 24813 | Lair:4   | Lost mutation: You are somewhat resistant to further
                  | mutation. [Xom's mischief]
 24813 | Lair:4   | Gained mutation: You are very clumsy. (Dex -4) [Xom's
                  | mischief]
 24839 | Lair:4   | Identified the +2 hunting sling of the Freezing Hero
                  | {venom, Dex+3}
 25487 | Lair:4   | Found a staircase to the Snake Pit.
 25647 | Lair:4   | XOM is BORED!
 25647 | Lair:4   | XOM: polymorph cane toad -> hornet
 25657 | Lair:4   | XOM: polymorph hornet -> golden eye
 25659 | Lair:4   | Reached skill level 5 in Evocations
 25934 | Lair:4   | Found a runed translucent door.
 25937 | Lair:4   | Identified the +6 trident "Niexuere" {elec, rElec rPois
                  | Will++ Stlth-}
 25937 | Lair:4   | Identified the amulet of Daoheax {Faith Str+4}
 25942 | Lair:4   | Noticed atabob's ghost (journeyman GnSu)
 26083 | Lair:4   | Identified the +0 robe of Joigaroa {rF+++ rCorr Int-2
                  | Dex-5} (Xom gifted it to you on level 4 of the Lair of
                  | Beasts)
 26083 | Lair:4   | XOM: god gift: +0 robe of Joigaroa {rF+++ rCorr Int-2
                  | Dex-5}
 26531 | Lair:5   | XOM: scenery: summon butterflies
 26750 | Lair:5   | XOM: fake destruction
 26933 | Lair:5   | Found a runed translucent gate.
 26933 | Lair:5   | Found a runed translucent gate.
 26933 | Lair:5   | Found a runed translucent gate.
 26934 | Lair:5   | Noticed Dowoeg's ghost (journeyman DjWn)
 27038 | Lair:5   | XOM: cleaving
 27116 | Lair:5   | XOM: 1-stop teleportation journey
 27377 | Lair:5   | XOM: scenery: summon butterflies
 27386 | Lair:5   | XOM: fog
 27528 | Lair:5   | XOM: god gift: 43 gold pieces
 27617 | Lair:5   | XOM: give mutations
 27617 | Lair:5   | Gained mutation: You are partially covered in iridescent
                  | scales. (AC +2) [Xom's grace]
 27617 | Lair:5   | Gained mutation: You are strong-willed. (Will+) [Xom's
                  | grace]
 27617 | Lair:5   | Gained mutation: Your system is resistant to poisons.
                  | (rPois) [Xom's grace]
 27617 | Lair:5   | Gained mutation: You are somewhat resistant to further
                  | mutation. [Xom's grace]
 27640 | Lair:4   | XOM: summons 5 hostile demons
 27928 | Lair:5   | XOM: cast spell 'Alistair's Intoxication'
 27943 | Lair:5   | XOM: scenery: summon butterflies
 28083 | Lair:5   | XOM: give mutations
 28083 | Lair:5   | Gained mutation: You are mostly covered in iridescent
                  | scales. (AC +4) [Xom's grace]
 28083 | Lair:5   | Gained mutation: You have very sharp teeth. [Xom's grace]
 28083 | Lair:5   | Gained mutation: You are somewhat resistant to both further
                  | mutation and mutation removal. [Xom's grace]
 28105 | Lair:6   | Entered Level 6 of the Lair of Beasts
 28226 | Lair:6   | XOM: fog
 28227 | Lair:6   | XOM: scenery: summon butterflies
 28231 | Lair:6   | XOM: enchant monster (good)
 28235 | Lair:6   | XOM: summons 13 friendly demons
 28302 | Lair:6   | XOM: 1-stop teleportation journey
 28596 | Lair:6   | Found a staircase to the Slime Pits.
 28597 | Lair:6   | Found a viscous altar of Jiyva.
 28647 | Lair:6   | XOM: silly message
 28653 | Lair:6   | XOM: summons friendly crimson imp
 28668 | Lair:6   | XOM: silly message
 29117 | Lair:6   | XOM: blink monster(s)
 29156 | Lair:6   | XOM: summons 2 friendly demons
 29167 | Lair:6   | XOM: polymorph cane toad -> rime drake
 29196 | Lair:6   | Reached skill level 10 in Axes
 29198 | Lair:6   | XOM: 2-stop teleportation journey
 29200 | Lair:6   | XOM: silly message
 29234 | Lair:6   | XOM: cast spell 'Statue Form'
 29235 | Lair:6   | XOM: fake destruction
 29476 | Lair:6   | XOM: confuse monster(s)
 29482 | Lair:6   | Reached XP level 14. HP: 54/154 MP: 0/14
 30456 | Lair:6   | XOM: enchant monster (bad)
 30489 | Lair:6   | XOM: confuse monster(s)
 30499 | Lair:6   | XOM: divination: detect creatures
 30547 | Lair:6   | XOM: fake destruction
 30567 | Lair:6   | XOM: summons 6 hostile demons
 30604 | Lair:6   | XOM: give mutation
 30604 | Lair:6   | Lost mutation: You are very clumsy. (Dex -4) [Xom's
                  | mischief]
 31083 | Lair:6   | XOM: noise
 31133 | Lair:6   | XOM: noise
 31240 | Lair:6   | XOM: silly message
 31855 | Lair:3   | XOM: cloud trail
 32113 | D:12     | XOM: cloud trail
 32178 | D:12     | Noticed Sonja
 32184 | D:12     | XOM: enchant monster (good)
 32187 | D:12     | Killed Sonja
 32261 | D:12     | XOM: divination: detect items
 32550 | D:12     | XOM: fog
 32568 | D:12     | Reached skill level 1 in Shields
 32716 | D:12     | XOM: summons friendly white imp
 32790 | D:12     | XOM: 3-stop teleportation journey
 33240 | D:12     | Found a staircase to the Orcish Mines.
 33313 | D:12     | Noticed Snorg
 33314 | D:12     | XOM: potion effect (might)
 33324 | D:12     | Killed Snorg
 33478 | D:12     | XOM: scenery: create altars
 33588 | D:12     | Got the Compendium of Saltpetre
 33688 | D:12     | XOM: god gift: staff of fire
 33759 | Orc:1    | Entered Level 1 of the Orcish Mines
 33925 | D:12     | XOM: fog
 34079 | Orc:1    | XOM: summons 3 friendly demons
 34131 | D:12     | XOM: scenery: 1 doors close
 34460 | D:12     | Mangled by an orc knight

Illustrated notes

Levels and vault maps discovered:
D:1:      lightli_arrival_flooded_house, layout_loops_ring,
          hellmonk_ecumenical_altar_zigzags
D:2:      layout_rooms, minmay_worlds_worst_comb, uniq_crazy_yiuf_cottage
D:3:      minmay_chambers_of_twos, layout_basic,
          mainiacjoe_overflow_small_starburst
D:4:      layout_basic, trog_wizard, abandoned_shop
D:5:      kennysheep_slugbush, layout_basic, guppyfry_shop_venom
D:6:      layout_basic
D:7:      layout_gridville, mainiacjoe_overflow_paths, minmay_temple_entry_hall
D:8:      layout_cave_pools, kennysheep_mini_moat, tgw_fedhas,
          minmay_lair_entry_grove, serial_shops, shop, serial_column_ruins,
          column_ruins_columns_straight, column_ruins_corridor_corner,
          column_ruins_columns_corner, biasface_ghost_orc_armoury, uniq_erica
D:9:      layout_rooms
D:10:     layout_basic, grunt_temple_overflow_open, enter_trove_5,
          enter_bailey_2, minivault_19, serial_bayou_pond_d,
          nicolae_shop_overcharged_wands, uniq_gastronok, uniq_grum
D:11:     layout_stronghold, maelrawn_ghost_gauntlet_escape,
          minmay_fractal_squares_5
D:12:     layout_basic, david_orc_4, uniq_snorg, uniq_sonja
Lair:1:   layout_regular_city, serial_bayou_shore_b
Lair:2:   layout_cave_pods, elwin_shoals_entry_rocks, gammafunk_ghost_icy
Lair:3:   layout_loops_ring, gauntlet_entry_generic
Lair:4:   layout_cave_pods, minmay_snake_entry_guardpost_medium,
          ebering_ghost_funeral_grove, infiniplex_staircase_pool_2
Lair:5:   layout_hall_layers, ebering_ghost_rock_garden, serial_bayou_shore_b,
          grunt_megastairs_1
Lair:6:   minmay_lair_end_frog_pond, layout_small_grid, slime_altar_1
Orc:1:    layout_caves, uniq_urug

Skill      XL: |  1  2  3  4  5  6  7  8  9 10 11 12 13 14 |
---------------+-------------------------------------------+-----
Fighting       | 5 6 9 11 13 | 13.6
Axes           | 4 5 6 8 9 10 12 | 12.2
Slings         | 1 |  1.6
Throwing       | 2 6 9 10 11 | 11.3
Armour         | 4 7 |  7.9
Dodging        | 6 |  6.5
Evocations     | 8 |  8.1
Shields        | 4 |  4.4

Action                   |  1- 3 |  4- 6 |  7- 9 | 10-12 | 13-15 || total
-------------------------+-------+-------+-------+-------+-------++-------
Melee: Hand axe          |    57 |    76 |    35 |   462 |   120 ||   750
       Kick              |       |       |     4 |   103 |   115 ||   222
       Headbutt          |       |       |     3 |    85 |    66 ||   154
       War axe           |       |       |       |       |   293 ||   293
       Broad axe         |       |       |       |       |    77 ||    77
       Bite              |       |       |       |       |    29 ||    29
       Unarmed           |       |       |       |       |     6 ||     6
 Fire: Hunting sling     |    32 |    68 |   206 |   274 |   288 ||   868
Throw: Stone             |    37 |    26 |       |    16 |    20 ||    99
       Dart              |       |     7 |    21 |    47 |    32 ||   107
       Boomerang         |       |       |       |    98 |    29 ||   127
       Javelin           |       |       |       |    12 |    18 ||    30
Evoke: Wand              |       |       |     3 |     8 |    51 ||    62
       Phantom mirror    |       |       |       |       |     2 ||     2
       Tin of tremorston |       |       |       |       |     2 ||     2
  Use: Scroll            |       |     2 |     9 |    19 |    14 ||    44
       Potion            |       |       |     2 |     3 |    12 ||    17
 Stab: Paralysed         |     1 |       |       |       |    20 ||    21
       Confused          |       |     1 |       |       |       ||     1
       Sleeping          |       |     1 |       |       |       ||     1
       Distracted        |       |       |       |     2 |       ||     2
       Petrifying        |       |       |       |     1 |       ||     1
       Invisible         |       |       |       |       |     1 ||     1
Armor: Robe              |    42 |    33 |    81 |    21 |       ||   177
       Acid dragon scale |       |       |       |   305 |   365 ||   670
       Skin              |       |       |       |       |    49 ||    49
Dodge: Dodged            |    35 |    61 |    96 |   435 |   372 ||   999
Block: Kite shield       |       |       |       |       |    26 ||    26

Table legend: (Time is in decaauts)
 A = Elapsed time spent in this place.
 B = Non-inter-level travel time spent in this place.
 C = Inter-level travel time spent in this place.
 D = Time resting spent in this place.
 E = Time spent auto-exploring this place.
 F = Levels seen in this place.
 G = Mean time per level.
                   A        B        C        D        E       F      G
               +--------+--------+--------+--------+--------+-----+--------+
         Total |  34252 |  32677 |   1575 |  12205 |  14303 |  19 | 1802.7 |
       Dungeon |  21318 |  20293 |   1025 |   8349 |   8345 |  12 | 1776.5 |
          Lair |  12918 |  12369 |    549 |   3855 |   5958 |   6 | 2153.0 |
  Orcish Mines |     16 |     16 |      0 |      0 |      0 |   1 |   16.0 |
               +--------+--------+--------+--------+--------+-----+--------+

Top non-repeatable levels by time:
  Lair:6: 3709 daAuts
     D:7: 2985 daAuts
    D:12: 2854 daAuts
    D:11: 2853 daAuts
     D:8: 2142 daAuts
  Lair:4: 2099 daAuts
  Lair:2: 2045 daAuts
    D:10: 2041 daAuts
     D:9: 2035 daAuts
  Lair:3: 2035 daAuts
     D:3: 1898 daAuts
  Lair:5: 1693 daAuts
  Lair:1: 1336 daAuts
     D:5: 1318 daAuts
     D:2: 912 daAuts
